 Dungeon Crawl Stone Soup version 0.31-a0-177-g4aa6249778 (webtiles) character file.

Game seed: 9013567645859024641

34234 Gargoyl the Cleaver (level 13, -10/84 HPs)
             Began as a Gargoyle Berserker on June 19, 2023.
             Was a Priest of Trog.
             Killed from afar by a lindwurm (29 damage)
             ... with a blast of flame
             ... on level 5 of the Lair of Beasts.
             The game lasted 00:23:18 (15356 turns).

Gargoyl the Cleaver (Gargoyle Berserker)           Turns: 15356, Time: 00:23:19

Health: -10/84     AC: 19    Str: 23    XL:     13   Next: 76%
Magic:  13/13      EV: 16    Int: 11    God:    Trog [***...]
Gold:   739        SH:  6    Dex: 15    Spells: 12/12 levels left

rFire   . . .        b - +2 hand axe of Amorality {flame, rElec rC+ Str+2 Int+2}
rCold   + . .        d - +0 buckler
rNeg    + + .        q - +4 leather armour "Vufac" {rN+ Dex+2}
rPois   ∞            i - +0 helmet
rElec   +            (no cloak)
rCorr   .            H - +0 pair of gloves
SInv    .            (no boots)
Will    ++...        c - amulet of magic regeneration
Stlth   +++          (no ring)
HPRegen 1.34/turn    (no ring)
MPRegen 0.53/turn

%: no passive effects
@: strong-willed, regenerating
A: sickness immunity, AC +9, negative energy resistance 1, electricity
resistance, torment resistance 1, petrification resistance
a: Renounce Religion, Berserk, Trog's Hand


You were on level 5 of the Lair of Beasts.
You worshipped Trog.
Trog was most pleased with you.
You visited 2 branches of the dungeon, and saw 15 of its levels.
You also visited: Gauntlet.

You collected 904 gold pieces.
You spent 165 gold pieces at shops.

Inventory:

Hand Weapons
 a - a +1 hand axe
 b - the +2 hand axe of Amorality (weapon) {flame, rElec rC+ Str+2 Int+2}
   (You found it on level 3 of the Dungeon)

   Str:       It affects your strength (+2).
   Int:       It affects your intelligence (+2).
   rC:        It protects you from cold.
   rElec:     It insulates you from electricity.
 n - a +2 falchion of flaming
 S - a +0 broad axe
Missiles
 l - 81 poisoned darts
 r - 9 curare-tipped darts (quivered)
 z - 3 throwing nets
Armour
 d - a +0 buckler (worn)
 i - a +0 helmet (worn)
 q - the +4 leather armour "Vufac" (worn) {rN+ Dex+2}
   (You found it on level 5 of the Dungeon)

   Dex:       It affects your dexterity (+2).
   rN:        It protects you from negative energy.
 H - a +0 pair of gloves (worn)
Jewellery
 c - an amulet of magic regeneration (around neck)
 e - an amulet of the acrobat
 h - a ring of see invisible
 m - a +6 ring of dexterity
 t - an amulet of faith
 y - a ring of protection from fire
 B - a ring of protection from fire
 I - a ring of flight
 K - a ring of magical power
 N - a ring of fire
 P - a ring of magical power
 Q - a +6 ring of strength
Wands
 k - a wand of roots (24)
 x - a wand of flame (33)
 E - a wand of acid (8)
 J - a wand of digging (6)
Scrolls
 v - 2 scrolls of revelation
 C - 3 scrolls of fog
 F - 2 scrolls of fear
 L - a scroll of butterflies
 M - 2 scrolls of identify
 O - a scroll of teleportation
Potions
 f - 2 potions of might
 g - 4 potions of invisibility
 j - a potion of mutation
 o - a potion of resistance {unknown}
 p - 3 potions of ambrosia
 s - 4 potions of curing
 u - 2 potions of heal wounds
 w - 3 potions of enlightenment
 A - 3 potions of brilliance
 D - a potion of lignification {unknown}
 G - 2 potions of attraction


   Skills:
 + Level 11.1 Fighting
 + Level 14.3 Axes
 + Level 0.9 Throwing
 + Level 6.0 Armour
 + Level 8.7 Dodging
 + Level 5.5 Stealth
 + Level 9.0 Shields


You had 12 spell levels left.
You didn't know any spells.
Your spell library was empty.

Dungeon Overview and Level Annotations

Branches:
Dungeon (10/15)            Temple (0/1) D:6            Lair (5/5) D:10
 Shoals (0/4) Lair:3        Snake (0/4) Lair:2        Slime (0/5) Lair:4
Gauntlet (visited)
    Orc: D:9-12

Altars:
Cheibriados
Dithmenos
Fedhas
Kikubaaqudgha
Makhleb
Nemelex Xobeh
Okawaru
Sif Muna
Trog

Shops:
D:7 (([   D:8 !

Portals:
Trove: D:10 (give 19 potions of curing)


Innate Abilities, Weirdness & Mutations

You are immune to sickness and miasma.
Your stone body is resilient. (AC +9)
You are immune to poison.
You resist negative energy. (rN+)
You are resistant to electric shocks. (rElec)
You are resistant to unholy torment.
You are immune to petrification.


Message History

You slash the plant! You burn the plant.
Unknown command.
You slash the lindwurm! You burn the lindwurm.
The lindwurm is moderately wounded.
You hit the plant. You burn the plant.
A nearby plant withers and dies.
The lindwurm bites you. The lindwurm claws you. The lindwurm misses you.
You slash the lindwurm! You burn the lindwurm.
The lindwurm is heavily wounded.
Unknown command.
You completely miss the lindwurm.
The lindwurm is heavily wounded.
The lindwurm bites you but does no damage.
The lindwurm closely misses you. x2
Unknown command.
You hit the lindwurm. You burn the lindwurm.
The lindwurm is severely wounded.
The lindwurm breathes flames at you. The blast of flame hits you!!
* * * LOW HITPOINT WARNING * * *
The blast of flame hits the plant!!
You barely miss the lindwurm.
The lindwurm is severely wounded.
A nearby plant withers and dies.
Unknown command.
Your skin crawls.
You feel strong-willed.
The lindwurm bites you but does no damage.
The lindwurm claws you but does no damage.
The lindwurm closely misses you.
You hit the lindwurm. You burn the lindwurm.
The lindwurm is severely wounded.
The lindwurm barely misses you. You block the lindwurm's attack.
The lindwurm claws you but does no damage.
You hit the lindwurm. You burn the lindwurm.
The lindwurm is almost dead.
You hit the lindwurm. You burn the lindwurm.
The lindwurm is almost dead.
The lindwurm breathes flames at you. The blast of flame hits you!!
You die...

... .. ###.# ### ##
###.P.####.### ..#
###..P....#...P(#.#
###....P........P.P..
#....!.k........#.PP#
#......@.........#P.##
###.............# #..#
###.....##.#.# #..#
###....###.####..#
..###.....†.##.<.#
....#...........##
....P.....†......#
#...P...........##
##.P............P#


You could see a lindwurm (catching breath).

Vanquished Creatures
  A minotaur (Gauntlet)
  A hydra (Lair:4)
  2 catoblepae (Lair:4)
  A death yak (Lair:4)
  2 skysharks
  Pikel (D:5)
  A lindwurm (Lair:3)
  An ugly thing (D:10)
  A moth of wrath (Gauntlet)
  4 black mambas
  6 elephants
  A water nymph (Lair:3)
  9 cane toads
  A kobold demonologist (D:10)
  3 rime drakes
  8 komodo dragons
  2 polar bears
  A hornet (D:8)
  21 blink frogs
  Sigmund (D:5)
  A shadow (D:10)
  6 wyverns
  2 wraiths (D:10)
  15 yaks
  7 basilisks
  6 vampire mosquitoes (D:10)
  15 water moccasins
  3 orc warriors
  Duvessa (D:4)
  3 black bears
  9 wolves
  A centaur (D:10)
  2 ogres
  A phantom (D:4)
  A lemure (D:5)
  23 kobold brigands
  8 bullfrogs
  5 gnoll sergeants
  A scorpion (D:5)
  9 wights
  Dowan (D:4)
  21 killer bees
  5 howler monkeys (D:10)
  2 vampire bats (D:7)
  2 electric eels (Lair:2)
  A jelly (D:5)
  7 hounds
  3 gnoll boudas
  4 orc priests
  2 iguanas (D:5)
  A sleepcap (D:5)
  Ijyb (D:3)
  7 orc wizards
  Robin (D:2)
  33 gnolls
  10 adders
  2 shadow imps
  3 worms
  2 dart slugs
  25 orcs
  8 ball pythons
  3 bat skeletons (D:7)
  2 bat zombies (D:7)
  7 endoplasms
  5 giant cockroaches
  14 goblins
  7 hobgoblins
  11 jackals
  23 kobolds
  A quokka (D:2)
  8 bats
  10 frilled lizards
  7 rats
426 creatures vanquished.

Vanquished Creatures (collateral kills)
  A two-headed ogre (D:9)
  A worm (D:3)
  An endoplasm (D:3)
  A goblin (D:4)
  A jackal (D:4)
  A frilled lizard (D:3)
6 creatures vanquished.

Vanquished Creatures (others)
  A kobold (D:4)
1 creature vanquished.

Grand Total: 433 creatures vanquished

Notes
Turn   | Place    | Note
-------+----------+-------------------------------------------
     0 | D:1      | Gargoyl the Gargoyle Berserker began the quest for the Orb.
     0 | D:1      | Reached XP level 1. HP: 14/14 MP: 1/1
   109 | D:1      | Found a faded altar of an unknown god.
   150 | D:1      | Reached XP level 2. HP: 14/19 MP: 2/2
   354 | D:1      | Reached skill level 3 in Axes
   911 | D:2      | Reached XP level 3. HP: 24/24 MP: 3/3
  1107 | D:2      | Noticed Robin
  1117 | D:2      | Killed Robin
  1118 | D:2      | Reached XP level 4. HP: 28/29 MP: 4/4
  1583 | D:2      | Reached ** piety under Trog
  1999 | D:3      | Reached XP level 5. HP: 32/33 MP: 5/5
  2152 | D:3      | Identified the +2 hand axe of Amorality {flame, rElec rC+
                  | Str+2 Int+2}
  2583 | D:3      | Noticed Ijyb
  2589 | D:3      | Killed Ijyb
  2590 | D:3      | Reached skill level 4 in Axes
  2872 | D:4      | Noticed Duvessa
  2872 | D:4      | Noticed Dowan
  2883 | D:4      | Reached skill level 1 in Stealth
  2886 | D:4      | Killed Dowan
  2887 | D:4      | Reached XP level 6. HP: 39/39 MP: 6/6
  2890 | D:4      | Killed Duvessa
  2891 | D:4      | Reached skill level 1 in Shields
  3127 | D:4      | Reached skill level 5 in Axes
  3142 | D:4      | Reached XP level 7. HP: 22/44 MP: 7/7
  3339 | D:4      | Reached *** piety under Trog
  3809 | D:5      | Entered Level 5 of the Dungeon
  4091 | D:5      | Found a large runed translucent door.
  4092 | D:5      | Found a large runed translucent door.
  4221 | D:5      | Reached skill level 5 in Fighting
  4312 | D:5      | Noticed Pikel
  4328 | D:5      | Killed Pikel
  4329 | D:5      | Reached skill level 6 in Axes
  4329 | D:5      | Reached XP level 8. HP: 46/50 MP: 8/8
  4361 | D:5      | Identified the +4 leather armour "Vufac" {rN+ Dex+2}
  4366 | D:5      | Noticed Sigmund
  4399 | D:5      | Killed Sigmund
  4400 | D:5      | Reached skill level 7 in Axes
  4797 | D:5      | Found a burning altar of Makhleb.
  5083 | D:5      | Found a shimmering blue altar of Sif Muna.
  5097 | D:5      | Found a shadowy altar of Dithmenos.
  5218 | D:6      | Found a staircase to the Ecumenical Temple.
  5260 | D:6      | Found a bloodstained altar of Trog.
  5306 | D:6      | Identified the +0 dagger of Drought {distort, Int+2}
  5348 | D:6      | Found a snail-covered altar of Cheibriados.
  5383 | D:6      | Reached XP level 9. HP: 46/55 MP: 9/9
  5612 | D:7      | Found Gais's Antique Armour Emporium.
  5649 | D:7      | Found Fomacuc's Antique Weapon Shoppe.
  5792 | D:7      | Found a sparkling altar of Nemelex Xobeh.
  5858 | D:7      | Found Saapoedu's Weapon Emporium.
  6039 | D:7      | Reached skill level 8 in Axes
  6222 | D:7      | Found an ancient bone altar of Kikubaaqudgha.
  6230 | D:7      | Reached **** piety under Trog
  6304 | D:7      | Found an iron altar of Okawaru.
  6567 | D:7      | Identified the +1 long sword of Circularity {freeze,
                  | *Corrode Str+6}
  6769 | D:8      | Found a blossoming altar of Fedhas.
  6905 | D:8      | Reached skill level 5 in Dodging
  7078 | D:8      | Noticed a hornet
  7094 | D:8      | Killed a hornet
  7143 | D:8      | Reached XP level 10. HP: 42/63 MP: 10/10
  7153 | D:8      | Reached skill level 9 in Axes
  7408 | D:8      | Found Tigune's Distillery.
  7416 | D:8      | Bought a potion of ambrosia for 120 gold pieces
  7416 | D:8      | Bought a potion of curing for 45 gold pieces
  8265 | D:9      | Noticed a two-headed ogre
  8275 | D:9      | Killed a two-headed ogre
  8276 | D:9      | Reached skill level 10 in Axes
  8276 | D:9      | Reached skill level 5 in Shields
  8514 | D:10     | Entered Level 10 of the Dungeon
  8525 | D:10     | Found a staircase to the Lair.
  8525 | D:10     | Noticed an elephant
  8543 | D:10     | Killed an elephant
  8544 | D:10     | Reached XP level 11. HP: 68/68 MP: 11/11
  8659 | D:10     | Reached skill level 11 in Axes
  8665 | D:10     | Reached skill level 5 in Armour
  9010 | D:10     | Noticed a red ugly thing
  9023 | D:10     | Killed a red ugly thing
  9570 | D:10     | Found a portal to a secret trove of treasure.
  9701 | Lair:1   | Entered Level 1 of the Lair of Beasts
 10649 | Lair:1   | Reached skill level 12 in Axes
 11404 | Lair:2   | Found a staircase to the Snake Pit.
 11409 | Lair:2   | Reached XP level 12. HP: 76/76 MP: 12/12
 11815 | Lair:2   | Noticed a skyshark
 11834 | Lair:2   | Killed a skyshark
 12078 | Lair:2   | Reached skill level 10 in Fighting
 12257 | Lair:2   | Identified the +5 shortbow of the Middle {antimagic,
                  | *Corrode rElec Dex+4}
 12371 | Lair:2   | Reached skill level 13 in Axes
 12944 | Lair:3   | Reached XP level 13. HP: 29/82 MP: 13/13
 12949 | Lair:3   | Reached skill level 5 in Stealth
 12966 | Lair:3   | Found a gate leading to a gauntlet.
 12975 | Gauntlet | Entered a Gauntlet
 12975 | Gauntlet | Found a transporter.
 12980 | Gauntlet | Found a transporter.
 12980 | Gauntlet | Found a transporter.
 12992 | Gauntlet | Found a transporter.
 13090 | Gauntlet | Found a transporter.
 13093 | Gauntlet | Found a transporter.
 13153 | Gauntlet | Noticed a minotaur
 13166 | Gauntlet | Killed a minotaur
 14236 | Lair:4   | Reached skill level 14 in Axes
 14890 | Lair:4   | Found a staircase to the Slime Pits.
 15171 | Lair:5   | Entered Level 5 of the Lair of Beasts
 15356 | Lair:5   | Killed from afar by a lindwurm

Illustrated notes

Levels and vault maps discovered:
D:1:      dpeg_arrival_boxes_within_box, layout_basic,
          ebering_ecumenical_altar_box
D:2:      layout_basic, serial_park_tiny_pond, uniq_robin
D:3:      layout_loops_ring, minmay_misc_feat_pillars,
          minmay_misc_feat_ornament, kennysheep_nub, st_stairs_10, uniq_ijyb
D:4:      layout_gridville, uniq_duvessa
D:5:      layout_basic, nicolae_overflow_hidden_temple,
          makhleb_blood_cavern_becter, jmf_multi_god_temple2,
          serial_corexii_hall, corexii_hall_statues_x, corexii_hall_statues_l,
          chequers_hall_statues_y, corexii_hall_statues_i, minmay_lizard_king,
          uniq_pikel, uniq_sigmund
D:6:      layout_rooms, trog_three_pillars_becter,
          mainiacjoe_overflow_surrounded_room, temple_statues
D:7:      layout_cave_pools, kennysheep_vampire_church, okawaru_gym_becter,
          nemelex_spade_bored_becter, serial_shops, nicolae_shop_statue_plus,
          shop, serial_gnoll_camp, gnoll_camp_mini_house, gnoll_camp_mini_shop,
          gnoll_camp_medium_01, gnoll_camp_mini_hut, gnoll_camp_mini_doghouse,
          sigmund_army
D:8:      layout_basic, old_standard_altar, serial_shops,
          nicolae_shop_waterfront
D:9:      layout_basic, wad_dig_loot
D:10:     layout_roguey [special_room_kobold], david_lair_generic,
          enter_trove_2, minmay_puff
Lair:1:   layout_layer_cave, grunt_megastairs_4
Lair:2:   layout_cave_pods, minmay_snake_entry_six_corridors,
          serial_bayou_shore_b, lemuel_fruit_tree, serial_bayou_shore_a,
          grunt_megastairs_1
Lair:3:   layout_big_grid, nicolae_shoals_entry_flooding,
          gauntlet_entry_generic, grunt_forest_small_clearings,
          infiniplex_staircase_pool_2
Lair:4:   layout_cave_pods, slime_entry_1, nicolae_lair_yak_garden,
          grunt_megastairs_2
Lair:5:   wormcave, layout_regular_city, hangedman_lair_tendril_chambers,
          nicolae_lair_run_with_the_wolves

Skill      XL: |  1  2  3  4  5  6  7  8  9 10 11 12 13 |
---------------+----------------------------------------+-----
Axes           | 3 4 5 6 7 8 10 12 13 14 | 14.3
Fighting       | 4 5 6 7 8 9 10 11 | 11.1
Dodging        | 2 3 4 5 6 7 8 |  8.7
Stealth        | 1 2 4 5 |  5.5
Shields        | 1 2 4 5 6 8 9 |  9.0
Armour         | 3 4 5 6 |  6.0
Throwing       | |  0.9

Action                     |  1- 3 |  4- 6 |  7- 9 | 10-12 | 13-15 || total
---------------------------+-------+-------+-------+-------+-------++-------
  Melee: Hand axe          |    74 |   161 |   359 |   672 |   244 ||  1510
  Throw: Dart              |       |       |     1 |     6 |       ||     7
 Invoke: Berserk           |     3 |     3 |     9 |    15 |     6 ||    36
         Trog's Hand       |       |     3 |     7 |    14 |     7 ||    31
         Brothers in Arms  |       |       |     1 |     1 |       ||     2
    Use: Scroll            |     2 |     5 |     6 |     3 |     4 ||    20
         Potion            |       |     1 |     2 |     4 |       ||     7
   Stab: Sleeping          |       |     1 |     3 |     4 |       ||     8
         Distracted        |       |       |       |     1 |       ||     1
         Petrifying        |       |       |       |       |     4 ||     4
         Petrified         |       |       |       |       |     1 ||     1
 Armour: Animal skin       |    43 |    57 |       |       |       ||   100
         Ring mail         |       |    12 |       |       |       ||    12
         Leather armour    |       |    20 |   196 |   252 |   107 ||   575
  Dodge: Dodged            |    63 |   138 |   295 |   421 |   142 ||  1059
  Block: Buckler           |     6 |    18 |    85 |   205 |    68 ||   382

Table legend: (Time is in decaauts)
 A = Elapsed time spent in this place.
 B = Non-inter-level travel time spent in this place.
 C = Inter-level travel time spent in this place.
 D = Time resting spent in this place.
 E = Time spent auto-exploring this place.
 F = Levels seen in this place.
 G = Mean time per level.
                   A        B        C        D        E       F      G
               +--------+--------+--------+--------+--------+-----+--------+
         Total |  15462 |  14789 |    673 |    685 |  10635 |  16 |  966.4 |
       Dungeon |   9876 |   9348 |    528 |    345 |   6602 |  10 |  987.6 |
          Lair |   5306 |   5161 |    145 |    255 |   3983 |   5 | 1061.2 |
      Gauntlet |    279 |    279 |      0 |     85 |     50 |   1 |  279.0 |
               +--------+--------+--------+--------+--------+-----+--------+

Top non-repeatable levels by time:
  Lair:1: 1632 daAuts
  Lair:2: 1460 daAuts
  Lair:4: 1416 daAuts
     D:5: 1229 daAuts
    D:10: 1180 daAuts
     D:7: 1137 daAuts
     D:2: 1074 daAuts
     D:4: 1053 daAuts
     D:3: 958 daAuts
     D:1: 935 daAuts
     D:8: 914 daAuts
     D:9: 910 daAuts
  Lair:3: 626 daAuts
     D:6: 481 daAuts
Gauntlet: 279 daAuts
